 Dungeon Crawl Stone Soup version 0.30.1-11-g7821555f0a (webtiles) character file.

Game seed: 14636790705763713134

117 booth the Chopper (level 4, -2/37 HPs)
             Began as a Demonspawn Monk on Dec 22, 2023.
             Was a Follower of Uskayaw.
             Slain by a centaur (3 damage)
             ... on level 4 of the Dungeon.
             The game lasted 00:16:37 (2939 turns).

booth the Chopper (Demonspawn Monk)                 Turns: 2939, Time: 00:16:38

Health: -2/37      AC:  5    Str: 13    XL:     4   Next: 71%
Magic:  4/4        EV: 12    Int: 11    God:    Uskayaw [*.....]
Gold:   55         SH:  4    Dex: 16    Spells: 3/3 levels left

rFire   + . .        a - +0 hand axe
rCold   . . .        (no shield)
rNeg    . . .        m - +0 leather armour
rPois   .            (helmet restricted)
rElec   .            f - scarf {repulsion}
rCorr   .            q - +1 pair of gloves
SInv    .            (no boots)
Will    .....        (no amulet)
Stlth   +            t - ring of protection from fire
HPRegen 0.26/turn    (no ring)
MPRegen 0.09/turn

%: repel missiles
@: invisible
A: antennae 1, condensation shield
a: Renounce Religion, Stomp


You were on level 4 of the Dungeon.
You worshipped Uskayaw.
Uskayaw was noncommittal.
You visited 1 branch of the dungeon, and saw 4 of its levels.

You collected 145 gold pieces.
You spent 90 gold pieces at shops.

Inventory:

Hand Weapons
 a - a +0 hand axe (weapon)
 p - a +0 mace of draining
Missiles
 b - 3 poisoned darts (quivered)
Armour
 d - an orb of light
 f - a scarf of repulsion (worn)
 m - a +0 leather armour (worn)
 q - a +1 pair of gloves (worn)
 r - a +0 ring mail
 u - a +0 tower shield
Jewellery
 g - a ring of wizardry
 t - a ring of protection from fire (left hand)
Wands
 x - a wand of roots (5)
 y - a wand of quicksilver (9)
Scrolls
 j - a scroll of magic mapping
 k - a scroll of silence {unknown}
 l - 2 scrolls of blinking
 v - a scroll of enchant weapon {unknown}
 w - a scroll of torment {unknown}
 z - a scroll of fear {unknown}
 A - a scroll of teleportation
 B - 3 scrolls of vulnerability {unknown}
Potions
 c - a potion of ambrosia
 e - a potion of berserk rage
 h - a potion of might
 i - a potion of flight
 n - 2 potions of curing
 o - a potion of mutation {unknown}
 s - a potion of heal wounds {unknown}


   Skills:
 + Level 3.9 Fighting
 * Level 4.4 Axes
 - Level 2.7 Dodging


You had 3 spell levels left.
You didn't know any spells.
Your spell library was empty.

Dungeon Overview and Level Annotations

Branches:
Dungeon (4/15)
 Temple: D:4-7

Altars:
Uskayaw

Shops:
D:1 [   D:3 ?


Innate Abilities, Weirdness & Mutations

You have a pair of small antennae on your head.
A meltable shield of frost defends you. (SH +4)


Message History

The centaur shoots an arrow.
You block the arrow.
The centaur shoots an arrow.
The arrow barely misses you.
The centaur shoots an arrow.
The arrow hits you!
It was a potion of invisibility.
You become transparent, but the glow from your halo prevents you from becoming completely invisible.
You start removing your armour.
You continue taking off your orb of light.
You hear the hiss of an avalanche of sand very nearby.
You continue taking off your orb of light.
The centaur shoots an arrow.
Keep disrobing? [Y]es or [N]o only, please.
Keep disrobing?
The arrow hits you!
* * * LOW HITPOINT WARNING * * *
You continue taking off your orb of light.
The centaur shoots an arrow.
You block the arrow.
You continue taking off your orb of light.
The centaur unwields a +0 shortbow.
The centaur hits you.
* * * LOW HITPOINT WARNING * * *
The centaur kicks you but does no damage.
You finish taking off your orb of light.
You hit the centaur.
The centaur is moderately wounded.
The centaur hits you.
* * * LOW HITPOINT WARNING * * *
You block the centaur's attack.
You hit the centaur.
The centaur is moderately wounded.
You block the centaur's attack.
The centaur kicks you but does no damage.
The centaur hits you but does no damage.
The centaur kicks you.
* * * LOW HITPOINT WARNING * * *
You catch the helpless centaur completely off-guard!
You slash the centaur!
The centaur is severely wounded.
You block the centaur's attack. The centaur barely misses you.
The centaur hits you.
You die...

##.. . ## .#.#... .. #8#
#...... ... ...#
##...... .... ...+
....... .....#### ...#
#..... c.......##...#
#!....
..#####c.....#.##.#.....
#@.....#.#..##....
##.....#....#.....
#....##....#.###.
#.......>#.#...##
#....##.##.......
#....#....####.#.
#....)..#.#....#.
#...##....#.#..#.
#...##..###.#..#.


You could see a centaur (unable to see you).

Vanquished Creatures
  5 adders (D:2)
  A worm (D:2)
  3 orcs (D:3)
  4 endoplasms
  3 giant cockroaches
  3 goblins (D:2)
  3 hobgoblins (D:1)
  6 jackals
  4 quokkas
  10 ball pythons
  11 bats
  3 frilled lizards
  A kobold (D:4)
  6 rats
63 creatures vanquished.

Notes
Turn   | Place    | Note
-------+----------+-------------------------------------------
     0 | D:1      | booth the Demonspawn Monk began the quest for the Orb.
     0 | D:1      | Reached XP level 1. HP: 18/18 MP: 1/1
   153 | D:1      | Found Satyfad's Antique Armour Shop.
   315 | D:1      | Reached skill level 3 in Axes
   333 | D:1      | Gained mutation: You have a pair of small antennae on your
                  | head. [demonic ancestry]
   333 | D:1      | Reached XP level 2. HP: 20/24 MP: 2/2
   803 | D:2      | Found a faded altar of an unknown god.
   811 | D:2      | Prayed at the altar of an unknown god.
   811 | D:2      | Became a worshipper of Uskayaw the Reveller
   811 | D:2      | Reached * piety under Uskayaw
   811 | D:2      | Reached ** piety under Uskayaw
   837 | D:2      | Gained mutation: A meltable shield of frost defends you.
                  | (SH +4) [demonic ancestry]
   837 | D:2      | Reached XP level 3. HP: 9/29 MP: 3/3
  1214 | D:2      | Reached skill level 4 in Axes
  1214 | D:2      | Reached XP level 4. HP: 33/37 MP: 4/4
  1884 | D:3      | Identified the +3 sling of Reapportionment {antimagic,
                  | rPois Str+4 Int+2 Dex-2}
  2116 | D:3      | Found Fatruc's Magic Scroll Shoppe.
  2161 | D:3      | Bought a scroll of blinking for 90 gold pieces
  2927 | D:4      | Noticed a centaur
  2937 | D:4      | HP: 1/37 [centaur (1)]
  2939 | D:4      | Slain by a centaur

Illustrated notes

Levels and vault maps discovered:
D:1:      dpeg_arrival_snail, layout_basic, serial_shops, shop,
          nrook_mini_vaults, st_stairs_14
D:2:      layout_basic, ebering_ecumenical_altar_mist, hangedman_decor_growths,
          minmay_fractal_squares_5
D:3:      layout_basic, serial_shops, nicolae_square_shop, moated_statue
D:4:      layout_basic, lightli_ossuary_entry_decrepit_ruins, chequers_jeans,
          minmay_misc_feat_five

Skill      XL: |  1  2  3 |
---------------+----------+-----
Axes           | 3 4 |  4.4
Fighting       | |  3.9
Dodging        | |  2.7

Action                     |  1- 3 |  4- 6 || total
---------------------------+-------+-------++-------
  Melee: Hand axe          |   107 |    80 ||   187
    Use: Scroll            |     2 |     6 ||     8
         Potion            |       |     4 ||     4
   Stab: Invisible         |       |     1 ||     1
 Armour: Robe              |    11 |    12 ||    23
         Leather armour    |       |    12 ||    12
  Dodge: Dodged            |    76 |    59 ||   135
         Repelled          |       |     1 ||     1
  Block: Orb               |     7 |    15 ||    22
         Other             |       |     3 ||     3
